 Dungeon Crawl Stone Soup version 0.31-a0-986-g5e6e4ef867 (webtiles) character file.

Game seed: 8609884876721851383

392 gelatine the Stinger (level 6, 0/43 HPs)
             Began as a Demonspawn Venom Mage on Nov 23, 2023.
             Slain by a water moccasin (6 damage)
             ... in a sewer.
             The game lasted 00:11:41 (4646 turns).

gelatine the Stinger (Demonspawn Venom Mage)        Turns: 4646, Time: 00:11:42

Health: 0/43       AC:  5    Str: 11    XL:     6   Next: 50%
Magic:  10/10      EV: 12    Int: 16    God:
Gold:   190        SH:  0    Dex: 13    Spells: 5/11 levels left

rFire   . . .        c - +0 war axe
rCold   . . .        (no shield)
rNeg    . . .        a - +0 robe
rPois   .            n - +0 helmet
rElec   .            (no cloak)
rCorr   .            (no gloves)
SInv    .            g - +0 pair of boots
Will    .....        (no amulet)
Stlth   ++           (no ring)
HPRegen 0.27/turn    (no ring)
MPRegen 0.24/turn

%: no passive effects
@: lethally poisoned (0 -> -7)
A: magic regeneration, sharp scales 1
a: no special abilities


You were in a sewer.
You visited 1 branch of the dungeon, and saw 5 of its levels.
You also visited: Sewer.

You collected 190 gold pieces.

Inventory:

Hand Weapons
 c - a +0 war axe (weapon)
Missiles
 t - 6 atropa-tipped darts
Armour
 a - a +0 robe (worn)
 g - a +0 pair of boots (worn)
 i - a +0 kite shield
 n - a +0 helmet (worn)
Scrolls
 d - a scroll of identify
 h - a scroll of teleportation
 j - a scroll of blinking {unknown}
 k - a scroll of torment {unknown}
 l - a scroll of revelation {unknown}
 o - a scroll of immolation {unknown}
 p - a scroll of enchant weapon
 q - a scroll of poison {unknown}
Potions
 e - 2 potions of curing
 f - a potion of brilliance
 m - a potion of ambrosia
 r - a potion of degeneration
 s - 2 potions of attraction {unknown}
 u - a potion of berserk rage


   Skills:
 * Level 1.2 Fighting
 * Level 2.3 Dodging
 + Level 2.0 Stealth
 * Level 1.6 Shields
 + Level 1.6 Unarmed Combat
 + Level 3.2 Spellcasting
 * Level 1.0 Conjurations
 + Level 1.8 Transmutations
 * Level 0.9 Air Magic
 * Level 4.6 Poison Magic


You had 5 spell levels left.
You knew the following spells:

 Your Spells              Type           Power      Damage    Failure   Level
a - Sting                 Tmut/Pois      52%        1d5       4%          1
b - Poisonous Vapours     Pois/Air       22%        N/A       9%          2
c - Mephitic Cloud        Conj/Pois/Air  9%         N/A       22%         3

Your spell library contained the following spells:

 Spells                   Type           Power      Damage    Failure   Level
 Slow                     Hex            8%         N/A       19%         1
 Summon Small Mammal      Summ           8%         N/A       19%         1
 Olgreb's Toxic Radiance  Pois           17%        N/A       26%         4
 Call Canine Familiar     Summ           2%         N/A       50%         3
 Confusing Touch          Hex            2%         N/A       50%         3
 Sigil of Binding         Hex            2%         N/A       50%         3
 Summon Guardian Golem    Hex/Summ       2%         N/A       50%         3
 Vampiric Draining        Necr           2%         2d6       50%         3


Dungeon Overview and Level Annotations

Branches:
Dungeon (5/15)              Sewer (1/1)
 Temple: D:4-7

Altars:
Okawaru
Lugonu

Portals:
Abyss: D:3

Annotations:
D:3 2 runed translucent doors


Innate Abilities, Weirdness & Mutations

You regenerate magic rapidly.
You are partially covered in razor-sharp scales. (AC +1, Slay +1)


Message History

You miss the water moccasin.
The water moccasin is almost dead.
The water moccasin bites you! The water moccasin barely misses you.
You hit the water moccasin.
The water moccasin is almost dead.
The water moccasin bites you but does no damage.
The water moccasin bites you.
You closely miss the water moccasin.
The water moccasin is almost dead.
The water moccasin barely misses you. The water moccasin closely misses you.
The water moccasin bites you!
You barely miss the water moccasin.
The water moccasin is almost dead.
The water moccasin bites you but does no damage.
The water moccasin closely misses you.
You closely miss the water moccasin.
The water moccasin is almost dead.
The water moccasin bites you. The water moccasin barely misses you.
You miss the water moccasin.
The water moccasin is almost dead.
The water moccasin bites you but does no damage.
The water moccasin barely misses you.
You barely miss the water moccasin.
The water moccasin is almost dead.
The water moccasin bites you but does no damage.
The water moccasin bites you.
You are lethally poisoned!
The water moccasin poisons you!
You closely miss the water moccasin.
The water moccasin is almost dead.
* * * LOW HITPOINT WARNING * * *
You feel very sick.
The water moccasin bites you but does no damage.
The water moccasin barely misses you.
You closely miss the water moccasin.
The water moccasin is almost dead.
* * * LOW HITPOINT WARNING * * *
You feel very sick. The water moccasin barely misses you.
The water moccasin bites you.
You die...

#..$!$..#
#.......#
#.......# .......
..... ... #S#
####### #@#
##.....## #.#
##...≈...#
#.#######...≈≈≈...
#..........≈≈≈≈≈.∩
#.#######...≈≈≈...
#.# ##...≈...# #.#
##.....## #.#
####### #.#


You could see a water moccasin.

Vanquished Creatures
  A black bear (D:5)
  A phantom (D:4)
  2 hounds (D:4)
  An iguana (D:4)
  Robin (D:2)
  4 adders
  2 worms
  2 dart slugs
  3 orcs (D:3)
  2 endoplasms (D:2)
  3 giant cockroaches
  18 goblins
  12 hobgoblins
  2 jackals (D:3)
  5 kobolds
  A quokka (D:1)
  8 ball pythons
  7 bats
  A frilled lizard (D:1)
  6 rats
82 creatures vanquished.

Notes
Turn   | Place    | Note
-------+----------+-------------------------------------------
     0 | D:1      | gelatine the Demonspawn Venom Mage began the quest for the
                  | Orb.
     0 | D:1      | Reached XP level 1. HP: 13/13 MP: 3/3
   199 | D:1      | Gained mutation: You are partially covered in razor-sharp
                  | scales. (AC +1, Slay +1) [demonic ancestry]
   199 | D:1      | Reached XP level 2. HP: 14/19 MP: 0/5
   347 | D:1      | Reached skill level 1 in Transmutations
  1100 | D:2      | Reached XP level 3. HP: 24/24 MP: 2/6
  1406 | D:2      | Noticed Robin
  1635 | D:2      | Killed Robin
  1636 | D:2      | Reached skill level 4 in Poison Magic
  1660 | D:2      | Reached XP level 4. HP: 25/31 MP: 1/7
  2210 | D:3      | Found a one-way gate to the infinite horrors of the Abyss.
  2409 | D:3      | Reached skill level 1 in Unarmed Combat
  2691 | D:3      | Found a large runed translucent door.
  2691 | D:3      | Found a large runed translucent door.
  2696 | D:3      | Found a corrupted altar of Lugonu.
  3145 | D:3      | Learned a level 2 spell: Poisonous Vapours
  3149 | D:3      | Learned a level 3 spell: Mephitic Cloud
  3287 | D:4      | Reached XP level 5. HP: 36/36 MP: 2/9
  3376 | D:4      | Found an iron altar of Okawaru.
  3446 | D:4      | Noticed a phantom
  3489 | D:4      | Killed a phantom
  3611 | D:4      | Reached skill level 1 in Fighting
  3794 | D:4      | Reached skill level 1 in Shields
  3794 | D:4      | Gained mutation: You regenerate magic rapidly. [demonic
                  | ancestry]
  3794 | D:4      | Reached XP level 6. HP: 41/43 MP: 3/10
  4119 | D:5      | Entered Level 5 of the Dungeon
  4125 | D:5      | Identified a scroll of acquirement
  4125 | D:5      | Identified the "Zukorem" (You acquired it on level 5 of
                  | the Dungeon)
  4125 | D:5      | Acquired 962 gold pieces
  4229 | D:5      | Reached skill level 1 in Conjurations
  4316 | D:5      | Found a glowing drain.
  4572 | Sewer    | Entered a sewer
  4622 | Sewer    | Noticed a water moccasin
  4631 | Sewer    | HP: 1/43 [water moccasin (2)]
  4646 | Sewer    | Slain by a water moccasin

Illustrated notes

Levels and vault maps discovered:
D:1:      eino_arrival_tree_alley, layout_basic, chequers_garden,
          corexii_item_surrounded_by_moat, minivault_11
D:2:      layout_basic, serial_bayou_pond_b, uniq_robin
D:3:      due_chaos_kobolds, layout_basic
D:4:      layout_loops_cross, overflow_temple_1_default,
          nicolae_elevator_lobby_plus
D:5:      minmay_octagon_keep, layout_basic, portal_sewer_entry_e
Sewer:    sewer_big_baddie

Skill      XL: |  1  2  3  4  5  6 |
---------------+-------------------+-----
Transmutations | 1 |  1.8
Dodging        | 2 |  2.3
Poison Magic   | 4 |  4.6
Unarmed Combat | 1 |  1.6
Spellcasting   | 3 |  3.2
Fighting       | 1 |  1.2
Shields        | 1 |  1.6
Stealth        | 2 |  2.0
Conjurations   | 1 |  1.0
Air Magic      | |  0.9

Action                     |  1- 3 |  4- 6 || total
---------------------------+-------+-------++-------
  Melee: Unarmed           |    45 |    36 ||    81
         War axe           |       |    25 ||    25
   Cast: Sting             |    74 |   100 ||   174
         Poisonous Vapours |       |     8 ||     8
         Mephitic Cloud    |       |     2 ||     2
    Use: Potion            |       |     7 ||     7
         Scroll            |       |     6 ||     6
 Armour: Robe              |    24 |    87 ||   111
  Dodge: Dodged            |    30 |    63 ||    93

Table legend: (Time is in decaauts)
 A = Elapsed time spent in this place.
 B = Non-inter-level travel time spent in this place.
 C = Inter-level travel time spent in this place.
 D = Time resting spent in this place.
 E = Time spent auto-exploring this place.
 F = Levels seen in this place.
 G = Mean time per level.
                   A        B        C        D        E       F      G
               +--------+--------+--------+--------+--------+-----+--------+
         Total |   4662 |   4497 |    165 |      0 |   3656 |   6 |  777.0 |
       Dungeon |   4580 |   4415 |    165 |      0 |   3620 |   5 |  916.0 |
         Sewer |     82 |     82 |      0 |      0 |     36 |   1 |   82.0 |
               +--------+--------+--------+--------+--------+-----+--------+

Top non-repeatable levels by time:
     D:3: 1169 daAuts
     D:2: 1075 daAuts
     D:4: 968 daAuts
     D:1: 907 daAuts
     D:5: 459 daAuts
   Sewer: 82 daAuts
